 Dungeon Crawl Stone Soup version 0.19.0-11-g3fc08b3 (webtiles) character file.

179 Leibowitz the Poker (level 5, -5/41 HPs)
             Began as a Merfolk Gladiator on Nov 8, 2016.
             Slain by an orc
             ... wielding a +0 trident
              (9 damage)
             ... on level 3 of the Dungeon.
             The game lasted 00:09:56 (2673 turns).

Leibowitz the Poker (Merfolk Gladiator)             Turns: 2673, Time: 00:09:58

Health: -5/41      AC:  5    Str: 16    XL:     5   Next: 59%
Magic:  5/5        EV: 14    Int:  7    God:
Gold:   146        SH:  0    Dex: 15    Spells: 0 memorised, 4 levels left

rFire  . . .     SeeInvis .     a - +0 trident
rCold  . . .     Gourm    .     k - +0 leather armour
rNeg   . . .     Faith    .     (no shield)
rPois  .         Spirit   .     c - +0 helmet
rElec  .         Reflect  .     (no cloak)
rCorr  .         Harm     .     u - +0 pair of gloves
MR     .....                    (no boots)
Stlth  ++........               (no amulet)
                                (no ring)
                                (no ring)

@: no status effects
A: change form in water, swift swim, stealthy swim
a: no special abilities


You were on level 3 of the Dungeon.
You were not hungry.

You visited 1 branch of the dungeon, and saw 3 of its levels.

You collected 146 gold pieces.

Inventory:

Hand Weapons
 a - a +0 trident (weapon)
 b - a +4 dagger of venom
Missiles
 d - 3 throwing nets (quivered)
 q - 16 poisoned needles
Armour
 c - a +0 helmet (worn)
 k - a +0 leather armour (worn)
 u - a +0 pair of gloves (worn)
Scrolls
 h - a scroll of enchant armour {unknown}
 i - 4 scrolls of identify {unknown}
 n - 2 scrolls of recharging {unknown}
 p - 2 scrolls of fear {unknown}
 r - a scroll of random uselessness {unknown}
 s - 2 scrolls of teleportation {unknown}
Potions
 e - 2 potions of mutation {unknown}
 g - 2 potions of cure mutation {unknown}
 j - a potion of degeneration {unknown}
 m - a potion of curing {unknown}
Comestibles
 f - 2 bread rations
 l - a royal jelly
 o - 3 fruits
 t - 4 chunks of flesh
 v - a meat ration


   Skills:
 + Level 3.1 Fighting
 + Level 7.0 Polearms
 + Level 2.2 Throwing
 + Level 0.7 Armour
 + Level 4.9 Dodging
 + Level 1.0 Stealth


You had 4 spell levels left.
You didn't know any spells.

Dungeon Overview and Level Annotations

Branches:
Dungeon (3/15)

Altars:
Hepliaklqana


Message History

The orc is heavily wounded.
The orc barely misses you.
You hit the orc.
You kill the orc!
The orc priest hits you with a whip. The orc barely misses you.
Things that are here:
a leather armour; an orc corpse You hit the orc priest.
The orc priest is moderately wounded.
The orc priest hits you with a whip. The orc barely misses you.
You hit the orc priest.
The orc priest is heavily wounded.
The orc priest completely misses you. The orc misses you.
You hit the orc priest.
The orc priest is almost dead.
The orc priest mumbles some strange prayers to Beogh against you.
Pain shoots through your body!
* * * LOW HITPOINT WARNING * * *
The orc hits you from afar with a trident!
You die...

. #.. #..#####
#ooo@.##
########
#####).##
#......## ##..##
##..##..## ##..#
##...#(.)
##.#####.....##
#...##..##.##.
###.#..###....
#.>...###.....
#...##.###......


You could see an orc priest and 2 orcs.

Vanquished Creatures
  An orc wizard (D:3)
  3 adders
  2 oozes
  4 worms (D:2)
  4 dart slugs
  5 leopard geckos
  4 orcs (D:3)
  11 bats
  2 giant cockroaches (D:1)
  13 goblins
  5 hobgoblins
  8 jackals
  A quokka (D:2)
  A ball python (D:2)
  3 frilled lizards
  10 kobolds
  7 rats
  A fungus (D:1)
85 creatures vanquished.

Notes
Turn   | Place    | Note
-------+----------+-------------------------------------------
     0 | D:1      | Leibowitz the Merfolk Gladiator began the quest for the Orb.
     0 | D:1      | Reached XP level 1. HP: 16/16 MP: 1/1
   188 | D:1      | Reached XP level 2. HP: 6/23 MP: 2/2
   522 | D:1      | Found a hazy altar of Hepliaklqana.
   625 | D:1      | Reached skill level 5 in Polearms
   635 | D:1      | Reached XP level 3. HP: 15/28 MP: 3/3
  1073 | D:1      | Reached XP level 4. HP: 32/34 MP: 4/4
  1861 | D:2      | Found a faded altar of an unknown god.
  1905 | D:2      | Reached skill level 6 in Polearms
  2373 | D:3      | Reached XP level 5. HP: 38/41 MP: 5/5
  2666 | D:3      | Reached skill level 7 in Polearms
  2666 | D:3      | Reached skill level 1 in Stealth
  2673 | D:3      | Slain by an orc

Skill      XL: |  1  2  3  4  5 |
---------------+----------------+-----
Polearms       | 5 6 7 |  7.0
Fighting       | 3 |  3.1
Stealth        | 1 |  1.0
Throwing       | |  2.2
Armour         | |  0.7
Dodging        | |  4.9

Action                   |  1- 3 |  4- 6 || total
-------------------------+-------+-------++-------
Melee: Trident           |   107 |   180 ||   287
       Dagger            |     5 |       ||     5
 Stab: Sleeping          |       |     1 ||     1
  Eat: Chunk             |       |     6 ||     6
Armor: Leather armour    |    41 |    23 ||    64
Dodge: Dodged            |    93 |    93 ||   186
